 Dungeon Crawl Stone Soup version 0.27-a0-951-gae3e1deef5 (webtiles) character file.

Game seed: 3600431579058059964

16 Alarkh the Insei (level 2, 23/23 HPs)
             Began as a Demonspawn Gladiator on Apr 11, 2021.
             Was a Follower of Cheibriados.
             Got out of the dungeon alive.
             The game lasted 00:00:44 (356 turns).

Alarkh the Insei (Demonspawn Gladiator)              Turns: 356, Time: 00:00:44

Health: 23/23      AC:  5    Str: 17    XL:     2   Next: 37%
Magic:  2/2        EV: 12    Int: 12    God:    Cheibriados [*.....]
Gold:   13         SH:  0    Dex: 19    Spells: 1/1 levels left

rFire    . . .     SeeInvis .     - Unarmed
rCold    . . .     Faith    .   (no shield)
rNeg     . . .     Spirit   .   a - +0 leather armour
rPois    .         Reflect  .   b - +0 helmet
rElec    .         Harm     .   (no cloak)
rCorr    .         Rampage  .   d - +0 pair of gloves
Will     .....                  (no boots)
Stlth    ++........             (no amulet)
HPRegen  0.07/turn              e - ring of wizardry
MPRegen  0.08/turn              (no ring)

@: very slow
A: thin skeletal structure 1
a: Renounce Religion, Bend Time


You escaped.
You worshipped Cheibriados.
Cheibriados was aware of your devotion.
You visited 1 branch of the dungeon, and saw 2 of its levels.

You collected 13 gold pieces.

Inventory:

Missiles
 c - 3 throwing nets (quivered)
Armour
 a - a +0 leather armour (worn)
 b - a +0 helmet (worn)
 d - a +0 pair of gloves (worn)
Jewellery
 e - a ring of wizardry (left hand)


   Skills:
 + Level 2.3 Fighting
 - Level 1.7 Throwing
 - Level 2.6 Dodging
 * Level 3.2 Unarmed Combat


You had one spell level left.
You didn't know any spells.
Your spell library was empty.

Dungeon Overview and Level Annotations

Branches:
Dungeon (2/15)

Altars:
Cheibriados


Innate Abilities, Weirdness & Mutations

You have a somewhat thin skeletal structure. (Dex +2, Stealth)


Message History

The bat misses you. The bat completely misses you.
You hit the bat.
You kill the bat!
Cheibriados thoroughly appreciates the change of pace.
Found 13 gold pieces.
The helpless endoplasm fails to defend itself.
You hit the endoplasm but do no damage. The endoplasm hits you.
You hit the endoplasm.
You kill the endoplasm!
Cheibriados appreciates the change of pace.
No target in view!
No target in view!
No target in view!
No target in view!
No target in view!
No target in view!
No target in view!
No target in view!
No target in view!
You see here a +0 dagger.
You now have 13 gold pieces.
A frilled lizard comes into view.
The frilled lizard hisses angrily.
A frilled lizard is nearby!
A frilled lizard is nearby!
The frilled lizard misses you.
You hit the frilled lizard.
You kill the frilled lizard!
Cheibriados appreciates the change of pace.
No target in view!
No target in view!
No target in view!
No target in view!
No target in view!
You enter the shallow water.
Moving in this stuff is going to be slow.
There is an open door here.
There is a staircase leading out of the dungeon here.
Are you sure you want to leave the Dungeon?
This will make you lose the game!
You have escaped!

.## #..#.....# .#
##^#...†.# ##
#...##..####
###..).....# ##
#...##....... .#
###.#.....#.... .#
###...####### ###
.#####......# #####
.#.....########.@.#####
.....### #≈♣##.##P≈.###
...#### ##≈≈♣#'#P≈≈....
......#####.≈≈≈≈≈≈≈≈≈♣
..###.....#.≈≈♣#.#P≈≈#
#.#
#####...≈♣##.##♣≈....
#.# #...####...# ##..
#.# #...#..# ##### .
#.. #.####.#


There were no monsters in sight!

Vanquished Creatures
  A dart slug (D:1)
  An endoplasm (D:1)
  4 jackals (D:2)
  A kobold (D:2)
  3 bats
  2 frilled lizards
  A rat (D:1)
13 creatures vanquished.

Notes
Turn   | Place    | Note
-------+----------+-------------------------------------------
     0 | D:1      | Alarkh the Demonspawn Gladiator began the quest for the
                  | Orb.
     0 | D:1      | Reached XP level 1. HP: 16/16 MP: 1/1
    29 | D:1      | You fall into a shaft and drop 1 floor!
    63 | D:2      | Found a faded altar of an unknown god.
    89 | D:2      | Became a worshipper of Cheibriados the Contemplative
    89 | D:2      | Reached * piety under Cheibriados
   138 | D:2      | Reached skill level 3 in Unarmed Combat
   149 | D:2      | Gained mutation: You have a somewhat thin skeletal
                  | structure. (Dex +2, Stealth) [demonic ancestry]
   149 | D:2      | Reached XP level 2. HP: 11/22 MP: 2/2
   356 | D:$      | Got out of the dungeon alive.

Illustrated notes

Levels and vault maps discovered:
D:1:      sevenhm_arrival_forest_fort_small_4, layout_rooms, serial_curves,
          eino_curves_01, eino_curves_03, minmay_domino_2
D:2:      layout_loops_corners, basic_ecumenical_altar,
          minmay_misc_feat_enclosed, minmay_between

Skill      XL: |  1 |
---------------+----+-----
Unarmed Combat | 3 |  3.2
Fighting       | |  2.3
Throwing       | |  1.7
Dodging        | |  2.6

Action                   || total
-------------------------++-------
Melee: Unarmed           ||    43
       Punch             ||     2
 Stab: Sleeping          ||     1
Armor: Leather armour    ||     7
Dodge: Dodged            ||    30

Table legend: (Time is in decaauts)
 A = Elapsed time spent in this place.
 B = Non-inter-level travel time spent in this place.
 C = Inter-level travel time spent in this place.
 D = Time resting spent in this place.
 E = Time spent auto-exploring this place.
 F = Levels seen in this place.
 G = Mean time per level.
                   A        B        C        D        E       F      G
               +--------+--------+--------+--------+--------+-----+--------+
         Total |    402 |    374 |     28 |      0 |    255 |   2 |  201.0 |
       Dungeon |    402 |    374 |     28 |      0 |    255 |   2 |  201.0 |
               +--------+--------+--------+--------+--------+-----+--------+

Top non-repeatable levels by time:
     D:1: 263 daAuts
     D:2: 138 daAuts
